 Dungeon Crawl Stone Soup version 0.26-a0-597-gb535b0901c (webtiles) character file.

Game seed: 2301948522940783385

19 Lanoc the Magician (level 2, -1/15 HPs)
             Began as a Deep Elf Air Elementalist on Sept 3, 2020.
             Slain by Sigmund
             ... wielding a +0 scythe
              (6 damage)
             ... on level 3 of the Dungeon.
             The game lasted 00:01:03 (656 turns).

Lanoc the Magician (Deep Elf Air Elementalist)       Turns: 656, Time: 00:01:03

Health: -1/15      AC:  2    Str:  5    XL:     2   Next: 55%
Magic:  7/8        EV: 13    Int: 19    God:
Gold:   46         SH:  0    Dex: 15    Spells: 6/7 levels left

rFire    . . .     SeeInvis .   b - +1 spear (venom)
rCold    . . .     Faith    .   (no shield)
rNeg     . . .     Spirit   .   a - +0 robe
rPois    .         Reflect  .   (no helmet)
rElec    .         Harm     .   (no cloak)
rCorr    .                      (no gloves)
MR       .....                  (no boots)
Stlth    +.........             (no amulet)
HPRegen  0.05/turn              (no ring)
MPRegen  0.11/turn              (no ring)

@: confused
A: no striking features
a: no special abilities


You were on level 3 of the Dungeon.
You visited 1 branch of the dungeon, and saw 3 of its levels.

You collected 46 gold pieces.

Inventory:

Hand Weapons
 b - a +1 spear of venom (weapon)
Armour
 a - a +0 robe (worn)
Scrolls
 c - a scroll of fear {unknown}
 d - 2 scrolls of teleportation {unknown}
 e - a scroll of enchant weapon {unknown}
 f - 2 scrolls of identify {unknown}
 h - a scroll of amnesia {unknown}
Potions
 g - a potion of might {unknown}


   Skills:
 + Level 2.8 Dodging
 + Level 2.8 Stealth
 + Level 3.3 Spellcasting
 + Level 1.5 Conjurations
 + Level 3.2 Air Magic


You had 6 spell levels left.
You knew the following spells:

 Your Spells              Type           Power        Failure   Level
a - Shock                 Conj/Air       ##..         5%          1

Your spell library contained the following spells:

 Spells                   Type           Power        Failure   Level
 Swiftness                Air            ###.....     6%          2
 Static Discharge         Conj/Air       ##......     17%         3
 Airstrike                Air            ###.......   36%         4
 Lightning Bolt           Conj/Air       ##........   83%         5


Dungeon Overview and Level Annotations

Branches:
Dungeon (3/15)

Altars:

Annotations:
D:3 Sigmund


Message History

The zap hits the hobgoblin.
You kill the hobgoblin!
Casting: Shock (safe; 5% risk of failure)
Confirm with . or Enter, or press ? or * to list all spells.
Aiming: Shock (safe; 5% risk of failure)
Press: ? - help, Shift-Dir - straight line, f/p - giant cockroach
Aim: a giant cockroach (almost dead)
The zap hits the giant cockroach.
You kill the giant cockroach!
The zap hits something.
You hear some strange, mumbled words.
Something tries to affect you, but you resist.
A magic dart appears from out of thin air!
The magic dart hits you.
You are confused.
A puff of flame appears from out of thin air!
The puff of flame hits you.
You bump into the translucent rock wall.
You're too confused to move!
Something hits you.
You die...

###.....##.##........##
#...#.........#.##.## .....#
#.#.....#.#.....##.# #.##.#
#.###(#.#.#.#.####)# #.##.# #.#
#...###...# ##'## #<##.# #.#
#.......#####...## #. #.##.# #.#
#.#..#.## ##.....###. ##.##.#
#.###.#....# ##.......###
......###.......@.####.........##
.....................+.........+.
#...#.####.##.#...####.........##
##....# #........# ##.......##
......# #......#.# ##.....##
#####.# #..†...#.# ##...## #.#
#......#.# ##'## #.# #......#.#
#.# #.# #.##.###.# #.#


There were no monsters in sight!

Vanquished Creatures
  A worm (D:3)
  A leopard gecko (D:3)
  An orc (D:3)
  2 giant cockroaches
  3 hobgoblins (D:3)
  A jackal (D:3)
  A kobold (D:3)
  A frilled lizard (D:2)
  2 rats
13 creatures vanquished.

Notes
Turn   | Place    | Note
-------+----------+-------------------------------------------
     0 | D:1      | Lanoc the Deep Elf Air Elementalist began the quest for the
                  | Orb.
     0 | D:1      | Reached XP level 1. HP: 10/10 MP: 6/6
   193 | D:3      | Reached XP level 2. HP: 11/15 MP: 8/8
   629 | D:3      | Noticed Sigmund
   656 | D:3      | Slain by Sigmund

Illustrated notes

Levels and vault maps discovered:
D:1:      nicolae_arrival_memento_mori, layout_loops_ring,
          minmay_parallelograms, st_stairs_9, minmay_misc_feat_four_crosses
D:2:      layout_rooms, grunt_temple_overflow_magic_moments,
          minmay_split_cup_large
D:3:      layout_loops_corners, minmay_fractal_squares_5, uniq_sigmund

Action                   || total
-------------------------++-------
Melee: Spear             ||    16
 Cast: Shock             ||    12
 Stab: Sleeping          ||     1
Armor: Robe              ||     2
Dodge: Dodged            ||     8

Table legend: (Time is in decaauts)
 A = Elapsed time spent in this place.
 B = Non-inter-level travel time spent in this place.
 C = Inter-level travel time spent in this place.
 D = Time resting spent in this place.
 E = Time spent auto-exploring this place.
 F = Levels seen in this place.
 G = Mean time per level.
                   A        B        C        D        E       F      G
               +--------+--------+--------+--------+--------+-----+--------+
         Total |    656 |    640 |     16 |      0 |    541 |   3 |  218.7 |
       Dungeon |    656 |    640 |     16 |      0 |    541 |   3 |  218.7 |
               +--------+--------+--------+--------+--------+-----+--------+

Top non-repeatable levels by time:
     D:3: 567 daAuts
     D:1: 77 daAuts
     D:2: 11 daAuts
